 Dungeon Crawl Stone Soup version 0.28-a0-563-gf77a47075d (webtiles) character file.

Game seed: 5640412555128336224

56 jasper the Slasher (level 3, -3/28 HPs)
             Began as a Vampire Berserker on Sept 30, 2021.
             Was a Believer of Trog.
             Slain by a gnoll (5 damage)
             ... on level 2 of the Dungeon.
             The game lasted 00:03:03 (1494 turns).

jasper the Slasher (Vampire Berserker)              Turns: 1494, Time: 00:03:03

Health: -3/28      AC:  2    Str: 16    XL:     3   Next: 71%
Magic:  3/3        EV: 12    Int:  9    God:    Trog [**....]
Gold:   65         SH:  0    Dex: 14    Spells: 2/2 levels left

rFire   . . .      SeeInvis +   a - +0 falchion
rCold   . . .      Faith    .   (no shield)
rNeg    . . .      Spirit   .   b - +0 animal skin
rPois   .          Reflect  .   (no helmet)
rElec   .          Harm     .   (no cloak)
rCorr   .          Rampage  .   (no gloves)
Will    .....                   (no boots)
Stlth   ++........              (no amulet)
HPRegen 0.29/turn               (no ring)
MPRegen 0.08/turn               (no ring)

@: healing quickly
A: alive, fangs 3, see invisible, vampiric 2
a: Exsanguinate, Renounce Religion, Berserk, Trog's Hand


You were on level 2 of the Dungeon.
You worshipped Trog.
Trog was pleased with you.
You visited 1 branch of the dungeon, and saw 2 of its levels.

You collected 65 gold pieces.

Inventory:

Hand Weapons
 a - a +0 falchion (weapon)
 e - a +0 short sword
 g - a +0 dagger
Missiles
 f - 13 stones (quivered)
Armour
 b - a +0 animal skin (worn)


   Skills:
 - Level 2.6 Fighting
 + Level 4.5 Long Blades
 - Level 1.5 Armour
 - Level 2.1 Dodging
 + Level 1.8 Stealth


You had 2 spell levels left.
You didn't know any spells.
Your spell library was empty.

Dungeon Overview and Level Annotations

Branches:
Dungeon (2/15)

Altars:


Innate Abilities, Weirdness & Mutations

Your natural rate of healing is accelerated.
You have razor-sharp teeth.
You have supernaturally acute eyesight. (SInv)
You are afflicted with vampirism and can become a bat while bloodless.


Message History

Press: ? - help, Q - select action, (/) - cycle Shift-Dir - straight line, f/p - adder
Aim: an adder (40% to hit)
You throw a stone. The stone barely misses the adder.
You closely miss the adder. Your bite misses the adder. The adder bites you.
The adder closely misses you.
You take 1 damage, and have 27/28 hp.
You closely miss the adder. The adder bites you.
You take 1 damage, and have 26/28 hp.
You slash the adder!
The adder is almost dead.
The adder bites you but does no damage.
You miss the adder.
The adder is almost dead.
The adder bites you but does no damage. The gnoll hits you with a +0 club.
The adder completely misses you.
You take 4 damage, and have 22/28 hp.
You miss the adder.
The adder is almost dead.
The gnoll hits you with a +0 club. The adder bites you but does no damage.
The gnoll hits you with a +0 club.
You take 2 damage, and have 20/28 hp.
The adder bites you.
You take 5 damage, and have 15/28 hp.
You barely miss the adder. Your bite misses the adder.
The adder is almost dead.
The adder bites you.
You take 5 damage, and have 10/28 hp.
You slash the adder!
You kill the adder!
Trog accepts your kill. The gnoll hits you with a +0 club.
* * * LOW HITPOINT WARNING * * *
You take 3 damage, and have 7/28 hp.
You fail to use your ability.
The gnoll hits you with a +0 club.
* * * LOW HITPOINT WARNING * * *
You take 5 damage, and have 2/28 hp.
You hit the gnoll.
The gnoll is moderately wounded.
The gnoll hits you with a +0 club.
You die...

....................#.#
....................#.##
.......................#
...........†...........#
....?........##.#......#
#....##(.....##.#.......
....###......##.+....<..
#.....g†#.#######.......
.......@#... .........#
........###..........###
........# ..........#
.#....... ..........
#....... ..........
######... ....... ####


You could see a gnoll.

Vanquished Creatures
  A gnoll (D:2)
  An adder (D:2)
  3 endoplasms (D:1)
  2 giant cockroaches (D:1)
  6 goblins (D:1)
  2 hobgoblins (D:1)
  3 kobolds (D:1)
  2 quokkas (D:1)
  4 ball pythons (D:1)
  6 bats (D:1)
  3 frilled lizards
  2 rats
35 creatures vanquished.

Vanquished Creatures (others)
  A plant (D:1)
1 creature vanquished.

Grand Total: 36 creatures vanquished

Notes
Turn   | Place    | Note
-------+----------+-------------------------------------------
     0 | D:1      | jasper the Vampire Berserker began the quest for the Orb.
     0 | D:1      | Reached XP level 1. HP: 17/17 MP: 1/1
   250 | D:1      | Reached XP level 2. HP: 13/23 MP: 2/2
   500 | D:1      | Reached skill level 4 in Long Blades
   643 | D:1      | Reached ** piety under Trog
   766 | D:1      | Found a faded altar of an unknown god.
   772 | D:1      | Gained mutation: You are afflicted with vampirism and can
                  | become a bat while bloodless. [Vampire growth]
   772 | D:1      | Reached XP level 3. HP: 28/28 MP: 3/3
  1388 | D:2      | Reached skill level 1 in Stealth
  1494 | D:2      | Slain by a gnoll

Illustrated notes

Levels and vault maps discovered:
D:1:      doesnt_arrival_eight_statues, layout_loops_ring,
          dreamdust_ecumenical_altar_hidden_monk_grotto, serial_forest,
          infiniplex_forest_clump_double, infiniplex_forest_end_2,
          infiniplex_forest_end_2, infiniplex_forest_lined_room_2,
          infiniplex_forest_lined_4_way, infiniplex_forest_3_way,
          minmay_misc_feat_diagonals, minmay_fountain_box,
          chequers_serial_rivers_marsh
D:2:      layout_basic, basic_altar

Skill      XL: |  1  2  3 |
---------------+----------+-----
Long Blades    | 4 |  4.5
Stealth        | 1 |  1.8
Fighting       | |  2.6
Armour         | |  1.5
Dodging        | |  2.1

Action                   || total
-------------------------++-------
Melee: Falchion          ||    92
       Bite              ||     7
Throw: Stone             ||    36
Invok: Berserk           ||     2
  Use: Scroll            ||     2
Armor: Animal skin       ||    25
Dodge: Dodged            ||    57

Table legend: (Time is in decaauts)
 A = Elapsed time spent in this place.
 B = Non-inter-level travel time spent in this place.
 C = Inter-level travel time spent in this place.
 D = Time resting spent in this place.
 E = Time spent auto-exploring this place.
 F = Levels seen in this place.
 G = Mean time per level.
                   A        B        C        D        E       F      G
               +--------+--------+--------+--------+--------+-----+--------+
         Total |   1534 |   1486 |     48 |    281 |    871 |   2 |  767.0 |
       Dungeon |   1534 |   1486 |     48 |    281 |    871 |   2 |  767.0 |
               +--------+--------+--------+--------+--------+-----+--------+

Top non-repeatable levels by time:
     D:1: 1474 daAuts
     D:2: 59 daAuts
